 Dungeon Crawl Stone Soup version 0.31-a0-963-ga325b2283a (webtiles) character file.

Game seed: 13230473854092032920

101598 Xavori the Nimble (level 16, -2/118 HPs)
             Began as a Djinni Chaos Knight on Oct 25, 2023.
             Was a Plaything of Xom.
             Slain by a sphinx zombie (4 damage)
             ... on level 15 of the Dungeon.
             The game lasted 00:43:59 (25422 turns).

Xavori the Nimble (Djinni Chaos Knight)            Turns: 25422, Time: 00:43:59

Health: -2/118     AC: 16    Str: 10    XL:     16   Next: 83%
Gold:   1899       EV: 26    Int: 16    God:    Xom [...*..] SH: 14 Dex: 30

rFire   + + .        k - +3 long sword
rCold   . . .        m - +0 buckler
rNeg    . . .        M - +0 steam dragon scales
rPois   ∞            u - +2 helmet
rElec   .            (no cloak)
rCorr   .            b - +0 pair of gloves
SInv    .            (boots unavailable)
Will    .....        l - amulet of Pec Ihy {Reflect Slay+5 SH+5}
Stlth   ++           B - ring of Wyeduif {Wiz Will- MP-9 Dex+8}
HPRegen 1.19/turn    v - ring of protection from cold
MPRegen 0.00/turn

%: reflection, wizardry (x1), infuse magic (-3 HP)
@: flying
A: sickness immunity, fire resistance 2, cold vulnerability 1, float, innate
caster, HP casting, extra vitality 1, iridescent scales 2, agile 1, mutation
resistance 1, passive freeze, regeneration 1
a: Renounce Religion


You were on level 15 of the Dungeon.
You worshipped Xom.
You were a favourite toy of Xom.
You visited 3 branches of the dungeon, and saw 22 of its levels.
You also visited: Bailey.

You collected 2788 gold pieces.
You spent 889 gold pieces at shops.

Inventory:

Hand Weapons
 a - a +0 giant spiked club
 k - a +3 long sword (weapon)
Missiles
 I - a throwing net
Armour
 b - a +0 pair of gloves (worn)
 d - a +3 ring mail of willpower
 m - a +0 buckler (worn)
 u - a +2 helmet (worn)
 M - +0 steam dragon scales (worn)
 Y - +0 acid dragon scales
Jewellery
 j - an amulet of regeneration
 l - the amulet of Pec Ihy (around neck) {Reflect Slay+5 SH+5}
   (Xom gifted it to you on level 1 of the Dungeon)

   [amulet of reflection]

   Reflect:   It reflects blocked missile attacks.
   Slay+5:    It affects your accuracy & damage with ranged weapons and melee
   (+5).
   SH+5:      It affects your SH (+5).
 p - a ring of protection from fire
 v - a ring of protection from cold (right hand)
 B - the ring of Wyeduif (left hand) {Wiz Will- MP-9 Dex+8}
   (You acquired it on level 7 of the Dungeon)

   [ring of wizardry]

   Wiz:       It improves your spell success rate.
   Dex+8:     It affects your dexterity (+8).
   Will-:     It decreases your willpower.
   MP-9:      It affects your magic capacity (-9).
 P - an amulet of the acrobat
 Q - a ring of protection from cold
 X - a ring of see invisible
Wands
 x - a wand of polymorph (10)
 y - a wand of digging (8)
 C - a wand of mindburst (20)
 L - a wand of charming (16)
 N - a wand of roots (1)
Scrolls
 c - a scroll of butterflies
 f - 4 scrolls of revelation
 g - 2 scrolls of amnesia {unknown}
 h - 3 scrolls of poison
 i - 3 scrolls of silence
 n - 5 scrolls of fog
 q - a scroll of summoning {unknown}
 t - 3 scrolls of immolation
 w - 5 scrolls of blinking
 D - 6 scrolls of enchant armour
 E - 2 scrolls of fear
 G - 7 scrolls of teleportation
 U - a scroll of vulnerability {unknown}
 V - 3 scrolls of brand weapon
 W - a scroll of enchant weapon {unknown}
Potions
 e - 5 potions of heal wounds
 o - 7 potions of curing
 r - a potion of ambrosia {unknown}
 s - 2 potions of haste
 z - 3 potions of berserk rage {unknown}
 A - 3 potions of might {unknown}
 F - 4 potions of mutation
 H - 2 potions of cancellation {unknown}
 J - 2 potions of brilliance {unknown}
 K - 7 potions of magic {unknown}
 O - 3 potions of lignification {unknown}
 R - a potion of degeneration {unknown}
 S - 3 potions of enlightenment {unknown}
 T - 2 potions of resistance


   Skills:
 + Level 11.8 Fighting
 + Level 10.9 Long Blades
 + Level 11.5 Armour
 + Level 12.6 Dodging
 + Level 11.3 Shields
 * Level 11.2 Spellcasting
 * Level 11.2 Conjurations
 * Level 11.2 Hexes
 * Level 11.2 Summonings
 * Level 11.2 Necromancy
 * Level 11.2 Translocations
 * Level 11.2 Transmutations
 * Level 11.2 Fire Magic
 * Level 11.2 Ice Magic
 * Level 11.2 Air Magic
 * Level 11.2 Earth Magic
 * Level 11.2 Poison Magic


You knew the following spells:

 Your Spells              Type           Power      Damage    Failure   Level
a - Magic Dart            Conj           100%       1d8       1%          1
b - Poisonous Vapours     Pois/Air       88%        N/A       1%          2
c - Inner Flame           Hex/Fire       44%        N/A       1%          3
d - Call Canine Familiar  Summ           44%        N/A       1%          3
e - Sticky Flame          Conj/Fire      44%        2d6       1%          4
f - Fireball              Conj/Fire      22%        3d10      1%          5
g - Death Channel         Necr           22%        N/A       6%          6
Your spell library was empty.

Dungeon Overview and Level Annotations

Branches:
Dungeon (15/15)            Temple (0/1) D:6            Lair (5/5) D:11
  Swamp (0/4) Lair:2       Spider (0/4) Lair:2        Slime (0/5) Lair:5
    Orc (2/2) D:12            Elf (0/3) Orc:2        Vaults (0/5) D:13
 Bailey (visited)
 Depths: D:15

Altars:
Ashenzari
Cheibriados
Gozag
Okawaru
Trog
Xom
Yredelemnul
The Shining One
Jiyva

Shops:
D:3 [   D:12 (   Orc:2 (??*

Annotations:
D:6 1 runed translucent door, Fractals's ghost, novice DrSh
D:12 1 runed translucent door


Innate Abilities, Weirdness & Mutations

You are immune to sickness and miasma.
You are immune to poison.
Your flesh is very heat resistant. (rF++)
You are vulnerable to cold. (rC-)
You float through the air rather than walking.
You learn spells naturally, not from books.
Your magical power is your life essence.
You have superior vitality. (+4 MHP)
You are mostly covered in iridescent scales. (AC +4)
You are agile. (Dex +4, Str/Int -1)
You are somewhat resistant to further mutation.
A frigid envelope surrounds you and freezes all who hurt you.
Your natural rate of healing is unusually fast.


Message History

The sphinx zombie hits you but does no damage.
The sphinx zombie resists.
The sphinx zombie is very cold.
The sphinx zombie is heavily damaged.
The sphinx zombie barely misses you.
Your white imp barely misses the spark wasp zombie.
You block the spark wasp zombie's attack.
You hit the sphinx zombie.
The sphinx zombie is heavily damaged.
The sphinx zombie burns!
The spark wasp zombie barely misses you.
You block the sphinx zombie's attack. The sphinx zombie hits you.
* * * LOW HITPOINT WARNING * * *
The sphinx zombie hits you but does no damage.
The sphinx zombie resists.
The sphinx zombie is very cold.
The sphinx zombie is severely damaged.
Your white imp misses the spark wasp zombie.
Unknown command.
You slash the sphinx zombie!
The sphinx zombie is severely damaged.
The sphinx zombie burns!
The spark wasp zombie completely misses you.
The sphinx zombie hits you but does no damage.
The sphinx zombie resists.
The sphinx zombie is very cold.
The sphinx zombie is severely damaged.
You block the sphinx zombie's attack. x2
Your white imp completely misses the spark wasp zombie.
Unknown command.
Casting: Sticky Flame (safe; 1% risk of failure)
Confirm with . or Enter, or press ? or * to list all spells.
Okay, then.
You slash the sphinx zombie!
The sphinx zombie is almost destroyed.
The sphinx zombie burns!
The spark wasp zombie hits you!
* * * LOW HITPOINT WARNING * * *
The spark wasp zombie completely resists.
The sphinx zombie hits you!
* * * LOW HITPOINT WARNING * * *
The sphinx zombie completely resists.
You block the sphinx zombie's attack. The sphinx zombie hits you.
You die...

.#....................8
.'.............8....P..
.#...)............8....
.#............P..P.8_..
.#........._...PP..88.P
##......._.._..8.P.....
.............§§..._.#
........_.....§Z.#
..............§Z@#
...............5.########
._...............#......#
##...............#......#######
†..............).#.....#......#
#)...............#.....#......#
#................#.....#......#
#................#.....#......#
#................#######......#


You could see a sphinx zombie (burning), a spark wasp zombie (ally target) and a
friendly white imp (summoned).

Vanquished Creatures
  Nessos (D:13)
  Snorg (D:13)
  4 vault guards (D:13)
  4 ogre magi (Orc:2)
  A catoblepas (Lair:5)
  Erolcha (D:13)
  A hydra (Lair:5)
  A boulder beetle (D:15)
  8 centaur warriors
  A two-headed ogre (shapeshifter) (D:13)
  11 death yaks
  18 two-headed ogres
  A tengu warrior (D:14)
  4 skysharks
  Amaemon (D:8)
  2 skeletal warriors (D:15)
  A goliath frog (D:14)
  A deep troll (D:14)
  A flayed ghost (D:15)
  A deep elf archer (D:13)
  A lindwurm (Lair:4)
  An arcanist (D:13)
  2 bog bodies (Lair:2)
  An orc knight (D:13)
  A necromancer (D:15)
  An orc sorcerer (Orc:2)
  3 ugly things (D:15)
  A deep elf pyromancer (D:14)
  2 wolf spiders (D:12)
  4 cyclopes
  5 manticores
  6 black mambas
  An orange demon (D:8)
  10 cane toads
  2 gargoyles (D:13)
  18 elephants
  4 kobold demonologists
  2 rime drakes
  Jeremiah (D:6)
  9 komodo dragons
  A yaktaur (D:15)
  A tengu conjurer (D:13)
  3 meliai (D:13)
  The ghost of IdlyInterested the Trooper, an amateur DsFi (D:4)
  4 polar bears
  4 hornets
  6 trolls
  11 blink frogs
  A spriggan zombie (D:15)
  Sigmund (D:6)
  A jumping spider (Lair:2)
  22 slime creatures
  5 wyverns
  A wraith (D:12)
  A shadow (D:12)
  5 spriggans (Bailey)
  54 yaks
  The ghost of p00ps00p the Trooper, an amateur HOFi (D:4)
  A hog (shapeshifter) (D:14)
  2 humans (D:13)
  4 basilisks
  3 redbacks
  A warg (Lair:4)
  6 steam dragons
  2 acid dragons
  2 vampire mosquitoes (D:15)
  The ghost of Maxmaps the Changeling, an amateur OpSh (D:4)
  A swamp worm (Lair:5)
  Edmund (D:6)
  10 water moccasins
  8 orc warriors
  4 ice beasts
  31 ogres
  2 black bears
  14 centaurs
  9 wolves
  4 boggarts (Lair:3)
  4 kobold brigands
  The ghost of pigah the Changeling, an amateur OpSh (D:4)
  3 phantoms
  A gnoll sergeant (D:9)
  13 bullfrogs
  8 wights
  7 killer bees (D:12)
  4 electric eels (D:10)
  2 howler monkeys
  3 jellies (Lair:2)
  12 orc priests
  A gnoll bouda (D:6)
  A hound (D:4)
  3 sleepcaps
  An iguana (D:5)
  19 orc wizards
  5 hell rats (Lair:3)
  Robin (D:4)
  5 adders
  3 gnolls (D:9)
  11 river rats (Lair:3)
  6 worms
  2 dart slugs
  68 orcs
  4 ball pythons
  8 bats
  7 endoplasms
  6 giant cockroaches
  17 goblins
  9 hobgoblins
  21 kobolds
  10 quokkas
  3 frilled lizards
  20 rats
657 creatures vanquished.

Vanquished Creatures (collateral kills)
  Rupert (D:15)
  The ghost of soul19 the Grappler, a journeyman TrMo of Cheibriados (Lair:2)
  A centaur warrior (D:14)
  3 ugly things (D:15)
  2 wolf spiders (D:12)
  An elephant (Lair:4)
  A black mamba (D:12)
  A freezing wraith (D:14)
  A blink frog (Lair:1)
  A slime creature (D:12)
  2 yaks (D:9)
  A spriggan (Bailey)
  2 redbacks (D:12)
  A water moccasin (D:12)
  An ogre (Orc:2)
20 creatures vanquished.

Vanquished Creatures (others)
  A dancing weapon (D:15)
  An elephant (Lair:5)
  2 yaks (Lair:5)
  An orc wizard (Orc:2)
5 creatures vanquished.

Grand Total: 682 creatures vanquished

Notes
Turn   | Place    | Note
-------+----------+-------------------------------------------
     0 | D:1      | Xavori the Djinni Chaos Knight began the quest for the Orb.
     0 | D:1      | Reached XP level 1. HP: 20/20 MP: 0/0
    22 | D:1      | XOM: potion effect (might)
    42 | D:1      | Reached XP level 2. HP: 25/25 MP: 0/0
    53 | D:1      | XOM: silly message
   240 | D:1      | Reached XP level 3. HP: 30/30 MP: 0/0
   240 | D:1      | Learned a level 1 spell: Magic Dart
   289 | D:1      | XOM: silly message
   552 | D:2      | Reached skill level 1 in Spellcasting
   552 | D:2      | Reached skill level 1 in Conjurations
   552 | D:2      | Reached skill level 1 in Hexes
   552 | D:2      | Reached skill level 1 in Summonings
   552 | D:2      | Reached skill level 1 in Necromancy
   552 | D:2      | Reached skill level 1 in Translocations
   552 | D:2      | Reached skill level 1 in Transmutations
   552 | D:2      | Reached skill level 1 in Fire Magic
   552 | D:2      | Reached skill level 1 in Ice Magic
   552 | D:2      | Reached skill level 1 in Air Magic
   552 | D:2      | Reached skill level 1 in Earth Magic
   552 | D:2      | Reached skill level 1 in Poison Magic
   963 | D:1      | XOM: noise
  1393 | D:1      | XOM: silly message
  1832 | D:1      | XOM: silly message
  2409 | D:1      | XOM: god gift: 3 curare-tipped darts
  3834 | D:1      | XOM: stat loss: -1 Int (18/19)
  3975 | D:1      | XOM: stat loss: -1 Str (16/17)
  5232 | D:1      | XOM is BORED!
  5549 | D:1      | XOM: give mutations
  5549 | D:1      | Gained mutation: You are partially covered in iridescent
                  | scales. (AC +2) [Xom's mischief]
  5549 | D:1      | Gained mutation: You are weak. (Str -2) [Xom's mischief]
  5549 | D:1      | Gained mutation: A frigid envelope surrounds you and
                  | freezes all who hurt you. [Xom's mischief]
  7109 | D:1      | XOM is BORED!
  7109 | D:1      | XOM: summons 3 hostile shadow creatures
  7651 | D:1      | Identified the amulet of Pec Ihy {Reflect Slay+5 SH+5} (Xom
                  | gifted it to you on level 1 of the Dungeon)
  7651 | D:1      | XOM: god gift: amulet of Pec Ihy {Reflect Slay+5 SH+5}
  7744 | D:2      | Reached XP level 4. HP: 35/35 MP: 0/0
  7983 | D:2      | XOM: silly message
  8360 | D:3      | XOM: silly message
  8563 | D:3      | Found Osihaq's Armour Shop.
  8641 | D:3      | XOM: give mutations
  8641 | D:3      | Gained mutation: You are agile. (Dex +4, Str/Int -1) [Xom's
                  | mischief]
  8641 | D:3      | Gained mutation: Your body sometimes deteriorates upon
                  | taking damage. [Xom's mischief]
  8641 | D:3      | Gained mutation: You are somewhat resistant to further
                  | mutation. [Xom's mischief]
  8641 | D:3      | Lost mutation: You are weak. (Str -2) [Xom's mischief]
  8802 | D:3      | XOM: give mutation
  8802 | D:3      | Gained mutation: Your natural rate of healing is unusually
                  | fast. [Xom's grace]
  8956 | D:4      | Reached XP level 5. HP: 40/40 MP: 0/0
  8956 | D:4      | Learned a level 2 spell: Poisonous Vapours
  8960 | D:4      | Reached skill level 3 in Dodging
  9048 | D:4      | Reached skill level 1 in Shields
  9048 | D:4      | Reached XP level 6. HP: 42/47 MP: 0/0
  9107 | D:4      | Noticed Robin
  9110 | D:4      | Reached XP level 7. HP: 51/51 MP: 0/0
  9110 | D:4      | Learned a level 3 spell: Inner Flame
  9124 | D:4      | Killed Robin
  9125 | D:4      | XOM: summons 4 hostile demons
  9200 | D:4      | Found a broken altar of Ashenzari.
  9201 | D:4      | Found a glowing golden altar of the Shining One.
  9215 | D:4      | XOM: silly message
  9249 | D:4      | XOM: give mutations
  9249 | D:4      | Lost mutation: Your natural rate of healing is unusually
                  | fast. [Xom's mischief]
  9249 | D:4      | Gained mutation: You are mostly covered in iridescent
                  | scales. (AC +4) [Xom's mischief]
  9249 | D:4      | Lost mutation: Your body sometimes deteriorates upon taking
                  | damage. [Xom's mischief]
  9249 | D:4      | Gained mutation: Your natural rate of healing is unusually
                  | fast. [Xom's mischief]
  9456 | D:4      | XOM: 5-stop teleportation journey
  9496 | D:4      | Identified the ring "Aqalet" {rPois rN++ MP+9 Dex+3 Slay-2}
  9530 | D:4      | XOM: scenery: create altars
  9576 | D:4      | XOM: divination: magic mapping
  9633 | D:4      | Found a runed translucent gate.
  9633 | D:4      | Found a runed translucent gate.
  9638 | D:4      | Noticed Maxmaps's ghost (amateur OpSh)
  9639 | D:4      | Found a runed translucent gate.
  9639 | D:4      | Noticed pigah's ghost (amateur OpSh)
  9639 | D:4      | Noticed IdlyInterested's ghost (amateur DsFi)
  9640 | D:4      | Noticed p00ps00p's ghost (amateur HOFi)
  9887 | D:4      | XOM: cast spell 'Disjunction'
  9903 | D:4      | Killed IdlyInterested's ghost
  9904 | D:4      | Reached skill level 4 in Dodging
  9904 | D:4      | Reached XP level 8. HP: 58/58 MP: 0/0
  9909 | D:4      | Killed p00ps00p's ghost
  9917 | D:4      | Killed Maxmaps's ghost
  9921 | D:4      | Killed pigah's ghost
  9967 | D:4      | XOM: god gift: scale mail {god gift}
  9987 | D:5      | Entered Level 5 of the Dungeon
 10042 | D:5      | XOM: noise
 10078 | D:5      | Reached skill level 5 in Fighting
 10256 | D:5      | Reached XP level 9. HP: 62/65 MP: 0/0
 10256 | D:5      | Learned a level 3 spell: Call Canine Familiar
 10380 | D:5      | Reached skill level 5 in Dodging
 10490 | D:6      | Found an opulent altar of Gozag.
 10579 | D:6      | XOM: cleaving
 10582 | D:6      | Noticed Sigmund
 10593 | D:6      | Killed Sigmund
 10627 | D:6      | Reached skill level 5 in Long Blades
 10630 | D:6      | Noticed Jeremiah
 10638 | D:6      | XOM: polymorph butterfly -> frilled lizard
 10643 | D:6      | Killed Jeremiah
 10669 | D:6      | XOM: god gift: 587 gold pieces
 10694 | D:6      | Found a runed translucent door.
 10694 | D:6      | Found a shimmering altar of Xom.
 10694 | D:6      | Noticed Fractals's ghost (novice DrSh)
 10694 | D:6      | Noticed a +1 falchion of chaos
 10694 | D:6      | XOM: 1-stop teleportation journey
 10697 | D:6      | Found a staircase to the Ecumenical Temple.
 10767 | D:6      | Noticed Edmund
 10779 | D:6      | Killed Edmund
 10780 | D:6      | Reached skill level 5 in Armour
 10780 | D:6      | Reached XP level 10. HP: 70/72 MP: 0/0
 10827 | D:6      | Reached skill level 6 in Dodging
 11061 | D:6      | Reached skill level 5 in Spellcasting
 11061 | D:6      | Reached skill level 5 in Conjurations
 11061 | D:6      | Reached skill level 5 in Hexes
 11061 | D:6      | Reached skill level 5 in Summonings
 11061 | D:6      | Reached skill level 5 in Necromancy
 11061 | D:6      | Reached skill level 5 in Translocations
 11061 | D:6      | Reached skill level 5 in Transmutations
 11061 | D:6      | Reached skill level 5 in Fire Magic
 11061 | D:6      | Reached skill level 5 in Ice Magic
 11061 | D:6      | Reached skill level 5 in Air Magic
 11061 | D:6      | Reached skill level 5 in Earth Magic
 11061 | D:6      | Reached skill level 5 in Poison Magic
 11289 | D:7      | Identified a scroll of acquirement
 11290 | D:7      | Identified the of Qunit (You acquired it on level 7 of the
                  | Dungeon)
 11290 | D:7      | Acquired the ring of Wyeduif {Wiz Will- MP-9 Dex+8}
 11313 | D:7      | Reached skill level 5 in Shields
 11439 | D:7      | Found a flagged portal.
 11455 | Bailey   | Entered a bailey
 11484 | Bailey   | XOM: noise
 11486 | Bailey   | XOM: noise
 11490 | Bailey   | XOM: divination: magic mapping
 11503 | Bailey   | XOM: confuse monster(s)
 11591 | Bailey   | XOM: scenery: create altars
 11603 | Bailey   | Noticed a two-headed ogre
 11603 | Bailey   | XOM: 1-stop teleportation journey
 11613 | Bailey   | Killed a two-headed ogre
 11659 | Bailey   | Reached XP level 11. HP: 76/78 MP: 0/0
 11659 | Bailey   | Learned a level 4 spell: Sticky Flame
 11678 | Bailey   | Reached skill level 7 in Dodging
 11872 | D:7      | XOM: 2-stop teleportation journey
 12207 | D:8      | XOM: noise
 12301 | D:8      | Noticed Amaemon
 12306 | D:8      | Killed Amaemon
 12310 | D:8      | XOM: cast spell 'Alistair's Intoxication'
 12313 | D:8      | XOM: noise
 12511 | D:8      | XOM: silly message
 12885 | D:9      | XOM: noise
 13035 | D:9      | XOM: summons 2 friendly demons
 13038 | D:9      | XOM: summons friendly quasit
 13296 | D:10     | Entered Level 10 of the Dungeon
 13587 | D:10     | Noticed a two-headed ogre
 13588 | D:10     | XOM: potion effect (might)
 13591 | D:10     | Killed a two-headed ogre
 13759 | D:10     | Found a large runed translucent door.
 13760 | D:10     | Found a large runed translucent door.
 13986 | D:10     | XOM: divination: detect creatures
 14011 | D:10     | XOM: cloud trail
 14094 | D:10     | Found a basalt altar of Yredelemnul.
 14120 | D:10     | Found an iron altar of Okawaru.
 14184 | D:11     | Reached skill level 8 in Dodging
 14184 | D:11     | XOM: divination: magic mapping
 14199 | D:11     | Reached XP level 12. HP: 73/86 MP: 0/0
 14202 | D:11     | XOM: god gift: plate armour {god gift}
 14476 | D:11     | Noticed a soul eater
 14726 | D:11     | XOM: god gift: 31 gold pieces
 14806 | D:11     | Found a staircase to the Lair.
 15055 | D:11     | Noticed a two-headed ogre
 15083 | D:11     | Killed a two-headed ogre
 15136 | Lair:1   | Entered Level 1 of the Lair of Beasts
 15161 | Lair:1   | XOM: confuse monster(s)
 15512 | Lair:1   | XOM: destruction
 15532 | Lair:1   | XOM: summons friendly ufetubus
 15797 | Lair:2   | XOM: polymorph wolf -> worm
 15807 | Lair:2   | XOM: summons friendly quasit
 15812 | Lair:2   | XOM: cast spell 'Summon Small Mammal'
 15817 | Lair:1   | XOM: potion effect (brilliance)
 15828 | Lair:1   | XOM: silly message
 15950 | Lair:2   | Reached skill level 9 in Dodging
 16003 | Lair:2   | Noticed a death yak
 16003 | Lair:2   | Noticed a death yak
 16004 | Lair:2   | XOM: noise
 16004 | Lair:2   | Noticed a death yak
 16004 | Lair:2   | Noticed a death yak
 16006 | Lair:2   | XOM: cast spell 'Leda's Liquefaction'
 16006 | Lair:2   | Noticed a skyshark
 16006 | Lair:2   | Noticed a death yak
 16023 | Lair:2   | XOM: potion effect (might)
 16023 | Lair:2   | XOM: smoke on damage
 16024 | Lair:2   | XOM: potion effect (haste)
 16030 | Lair:2   | XOM: potion effect (brilliance)
 16037 | Lair:2   | Killed a skyshark
 16042 | Lair:2   | XOM: divination: detect items
 16044 | Lair:2   | Reached XP level 13. HP: 63/93 MP: 0/0
 16044 | Lair:2   | Learned a level 5 spell: Fireball
 16103 | Lair:2   | XOM: enchant monster (good)
 16120 | Lair:2   | XOM: enchant monster (good)
 16170 | Lair:2   | Found a bloodstained altar of Trog.
 16186 | Lair:2   | Found a staircase to the Swamp.
 16196 | Lair:2   | XOM: potion effect (attraction)
 16237 | Lair:2   | XOM: scenery: create altars
 16239 | Lair:2   | XOM: enchant monster (good)
 16325 | Lair:2   | Found a snail-covered altar of Cheibriados.
 16405 | Lair:2   | Found a runed translucent gate.
 16405 | Lair:2   | Found a runed translucent gate.
 16405 | Lair:2   | Found a runed translucent gate.
 16407 | Lair:2   | Found a viscous altar of Jiyva.
 16407 | Lair:2   | Noticed soul19's ghost (journeyman TrMo)
 16482 | Lair:2   | XOM: repel stairs
 16496 | Lair:2   | Found a hole to the Spider Nest.
 16991 | Lair:2   | XOM: god gift: club {god gift}
 17094 | Lair:2   | XOM: polymorph wolf -> fire bat
 17107 | Lair:2   | XOM: summons 4 friendly demons
 17113 | Lair:2   | Killed soul19's ghost
 17519 | Lair:3   | XOM: cast spell 'Dispersal'
 17579 | Lair:3   | XOM: summons 6 hostile demons
 17581 | Lair:3   | XOM: swap monsters
 17839 | Lair:3   | Reached skill level 10 in Dodging
 18151 | Lair:3   | XOM is BORED!
 18350 | Lair:4   | Identified the +1 scimitar of Doom {venom, *Noise Dex+5
                  | SInv}
 18408 | Lair:4   | Reached XP level 14. HP: 101/101 MP: 0/0
 18566 | Lair:4   | XOM: polymorph blink frog -> warg
 18571 | Lair:4   | XOM: summons friendly crimson imp
 18572 | Lair:4   | XOM: destruction
 18694 | Lair:4   | XOM: summons friendly shadow imp
 18942 | Lair:4   | XOM: summons 2 friendly demons
 19138 | Lair:4   | XOM is BORED!
 19138 | Lair:4   | XOM: stat loss: -2 Str (8/10)
 19229 | Lair:5   | Entered Level 5 of the Lair of Beasts
 19241 | Lair:5   | XOM: divine lightning
 19259 | Lair:5   | XOM: cast spell 'Metabolic Englaciation'
 19272 | Lair:5   | XOM: chaos cloud
 19286 | Lair:5   | Reached skill level 10 in Fighting
 19391 | Lair:5   | XOM: polymorph elephant -> swamp worm
 19392 | Lair:5   | XOM: summons 8 hostile demons
 19670 | Lair:5   | XOM: swap monsters
 19721 | Lair:5   | XOM: stat loss: -1 Str (9/10)
 19938 | Lair:5   | Found a viscous altar of Jiyva.
 19938 | Lair:5   | Found a staircase to the Slime Pits.
 20123 | Lair:5   | XOM: draining
 20252 | Lair:5   | XOM: confuse monster(s)
 20282 | Lair:5   | XOM: fog
 20284 | Lair:5   | Reached skill level 11 in Dodging
 20293 | Lair:5   | XOM: scenery: create altars
 20299 | Lair:5   | Reached skill level 10 in Armour
 20315 | Lair:5   | Reached XP level 15. HP: 17/109 MP: 0/0
 20315 | Lair:5   | Learned a level 6 spell: Death Channel
 20468 | Lair:5   | XOM: cloud trail
 20519 | Lair:5   | a catoblepas changed into a storm dragon
 20519 | Lair:5   | Noticed a storm dragon
 20519 | Lair:5   | XOM: polymorph catoblepas -> storm dragon
 20536 | Lair:5   | XOM: potion effect (brilliance)
 20587 | Lair:4   | XOM: scenery: create altars
 20767 | D:12     | XOM: divination: detect items
 20816 | D:12     | XOM: smoke on damage
 20998 | D:12     | XOM: summons friendly white imp
 21036 | D:12     | XOM: potion effect (might)
 21038 | D:12     | XOM: fog
 21040 | D:12     | XOM: divination: detect items
 21153 | D:12     | Found a runed translucent door.
 21157 | D:12     | Found a runed translucent gate.
 21157 | D:12     | Found a runed translucent gate.
 21159 | D:12     | XOM: silly message
 21164 | D:12     | Found the +9 staff of Olgreb {rPois∞}
 21168 | D:12     | Found a runed translucent door.
 21250 | D:12     | Reached skill level 10 in Shields
 21300 | D:12     | Found a runed translucent gate.
 21443 | D:12     | XOM: enchant monster (good)
 21458 | D:12     | Found a staircase to the Orcish Mines.
 21494 | D:12     | Found Datoh's Antique Weapon Shoppe.
 21702 | D:12     | Reached skill level 10 in Spellcasting
 21702 | D:12     | Reached skill level 10 in Conjurations
 21702 | D:12     | Reached skill level 10 in Hexes
 21702 | D:12     | Reached skill level 10 in Summonings
 21702 | D:12     | Reached skill level 10 in Necromancy
 21702 | D:12     | Reached skill level 10 in Translocations
 21702 | D:12     | Reached skill level 10 in Transmutations
 21702 | D:12     | Reached skill level 10 in Fire Magic
 21702 | D:12     | Reached skill level 10 in Ice Magic
 21702 | D:12     | Reached skill level 10 in Air Magic
 21702 | D:12     | Reached skill level 10 in Earth Magic
 21702 | D:12     | Reached skill level 10 in Poison Magic
 21880 | D:13     | Reached skill level 10 in Long Blades
 21989 | Orc:1    | Entered Level 1 of the Orcish Mines
 22008 | Orc:1    | XOM: fog
 22089 | Orc:2    | Entered Level 2 of the Orcish Mines
 22182 | Orc:2    | Found a staircase to the Elven Halls.
 22305 | Orc:2    | Paralysed by an orc sorcerer for 4 turns
 22308 | Orc:2    | XOM: summons friendly iron imp
 22407 | Orc:2    | XOM: destruction
 22428 | Orc:2    | XOM: enchant monster (good)
 22433 | Orc:2    | XOM: divination: detect creatures
 22546 | Orc:2    | XOM: cast spell 'Cause Fear'
 22570 | Orc:2    | Paralysed by something for 4 turns
 22686 | Orc:2    | XOM: silly message
 22719 | Orc:2    | XOM: silly message
 22727 | Orc:2    | XOM: divination: detect items
 22792 | Orc:2    | XOM: silly message
 22839 | Orc:2    | Found Viujonaneff's Weapon Shoppe.
 22839 | Orc:2    | Found Ikedaeda's Magic Scroll Boutique.
 22840 | Orc:2    | Found Hiomp's Magic Scroll Boutique.
 22840 | Orc:2    | Found Pasicich's General Store.
 22849 | Orc:2    | XOM: divination: magic mapping
 22884 | Orc:2    | Bought a scroll of brand weapon for 152 gold pieces
 22885 | Orc:2    | Bought a scroll of blinking for 105 gold pieces
 22885 | Orc:2    | Bought a potion of curing for 42 gold pieces
 22885 | Orc:2    | Bought a potion of haste for 140 gold pieces
 22886 | Orc:2    | Bought a scroll of enchant armour for 135 gold pieces
 22886 | Orc:2    | Bought a scroll of teleportation for 54 gold pieces
 22886 | Orc:2    | Bought a scroll of fear for 72 gold pieces
 22886 | Orc:2    | Bought a scroll of blinking for 135 gold pieces
 22886 | Orc:2    | Bought a scroll of teleportation for 54 gold pieces
 23142 | Orc:2    | Reached XP level 16. HP: 94/116 MP: 0/0
 23267 | D:13     | You are sucked into a shaft and drop 2 floors!
 23267 | D:15     | Entered Level 15 of the Dungeon
 23310 | D:14     | XOM: stealth player
 23332 | D:13     | Noticed Snorg
 23342 | D:13     | Killed Snorg
 23343 | D:13     | Reached skill level 12 in Dodging
 23383 | D:13     | Noticed Nessos
 23392 | D:13     | Killed Nessos
 23415 | D:13     | XOM: silly message
 23544 | D:13     | XOM: divination: detect items
 23588 | D:13     | XOM: scenery: create altars
 23595 | D:13     | XOM: divination: detect items
 23758 | D:13     | XOM: summons 9 friendly demons
 23814 | D:13     | Found a gate to the Vaults.
 23997 | D:13     | Noticed Erolcha
 24004 | D:13     | Killed Erolcha
 24357 | D:14     | XOM: swap monsters
 24495 | D:14     | XOM: 7-stop teleportation journey
 24525 | D:14     | Identified the +4 broad axe of Destiny {speed, *Noise Will+
                  | Str+2 Int+3}
 24665 | D:14     | XOM: polymorph slime creature -> goliath frog
 25069 | D:15     | Noticed Rupert
 25078 | D:15     | XOM: scenery: create altars
 25083 | D:15     | Killed Rupert
 25099 | D:15     | XOM: divination: detect items
 25103 | D:15     | XOM: confuse monster(s)
 25263 | D:15     | XOM: 6-stop teleportation journey
 25389 | D:15     | XOM: scenery: create altars
 25408 | D:15     | XOM: summons friendly white imp
 25411 | D:15     | XOM: smoke on damage
 25422 | D:15     | HP: 2/118 [sphinx zombie (12)]
 25422 | D:15     | Slain by a sphinx zombie

Illustrated notes

Levels and vault maps discovered:
D:1:      mrwooster_arrival_arrow, layout_rooms
D:2:      minmay_alternating_diamond, layout_loops_ring, minmay_domino_2
D:3:      layout_loops_cross, general_overflow_altar, serial_shops,
          nicolae_lakefront_shop, chequers_big_river
D:4:      layout_basic, mainiacjoe_overflow_divided_tiny,
          gammafunk_ghost_cemetery, uniq_robin
D:5:      layout_basic, nicolae_twisty_statue_hallways
D:6:      layout_basic, mainiacjoe_overflow_tiny_flanked,
          minmay_temple_entry_junction_2, ebering_ghost_xom,
          roderic_roman_lattice, minmay_quadrilaterals, uniq_jeremiah,
          uniq_sigmund, uniq_edmund
D:7:      layout_basic, enter_bailey_4
D:8:      layout_basic, item_on_display_a, uniq_amaemon
D:9:      layout_cave_pools, nrook_campfire
D:10:     layout_basic, mainiacjoe_overflow_six_doors_small,
          jmf_multi_god_temple2, cheibriados_altar_1, zin_scriptorium,
          kennysheep_generic_room_14
D:11:     nicolae_BIG_FREAKIN_CUBE, layout_gridville, lemuel_old_faithful
D:12:     layout_long_grid, hiddenorc1_lemuel, serial_shops,
          nicolae_shop_advertising_works [nicolae_subvault_shop_adworks],
          minmay_guarded_unrand_staff_of_olgreb
D:13:     layout_irregular_city, grunt_vaults_entry_fortified, uniq_erolcha,
          uniq_snorg, uniq_nessos
D:14:     dreamdust_cave_troll, layout_basic, minmay_misc_feat_room
D:15:     gammafunk_depths_entry_grave, layout_gridville, minivault_27,
          uniq_rupert
Lair:1:   layout_long_grid, grunt_megastairs_3
Lair:2:   layout_cave_pods, skrybe_swamp_entry_bodies, spider_nest_entry_a,
          gammafunk_ghost_ooze, basic_altar, chequers_serial_rivers_small_a,
          lemuel_altar_in_water2, st_stairs_12, infiniplex_staircase_pool,
          serial_bayou_shore_b
Lair:3:   lemuel_ratsnest, layout_long_grid, kilobyte_rumbling_trees
Lair:4:   layout_loops_ring
Lair:5:   evilmike_catoblepas_cave, layout_regular_city, slime_entry_1
Orc:1:    layout_caves
Orc:2:    st_orc_ogre_mass, layout_caves

Skill      XL: |  1  2  3  4  5  6  7  8  9 10 11 12 13 14 15 16 |
---------------+-------------------------------------------------+-----
Long Blades    | 3 4 5 6 7 8 9 10 | 10.9
Spellcasting   | 1 2 3 4 5 6 7 8 9 10 11 | 11.2
Conjurations   | 1 2 3 4 5 6 7 8 9 10 11 | 11.2
Hexes          | 1 2 3 4 5 6 7 8 9 10 11 | 11.2
Summonings     | 1 2 3 4 5 6 7 8 9 10 11 | 11.2
Necromancy     | 1 2 3 4 5 6 7 8 9 10 11 | 11.2
Translocations | 1 2 3 4 5 6 7 8 9 10 11 | 11.2
Transmutations | 1 2 3 4 5 6 7 8 9 10 11 | 11.2
Fire Magic     | 1 2 3 4 5 6 7 8 9 10 11 | 11.2
Ice Magic      | 1 2 3 4 5 6 7 8 9 10 11 | 11.2
Air Magic      | 1 2 3 4 5 6 7 8 9 10 11 | 11.2
Earth Magic    | 1 2 3 4 5 6 7 8 9 10 11 | 11.2
Poison Magic   | 1 2 3 4 5 6 7 8 9 10 11 | 11.2
Armour         | 2 3 4 5 6 7 8 9 10 11 | 11.5
Dodging        | 3 4 5 6 8 9 10 11 12 | 12.6
Shields        | 1 2 3 4 5 6 7 8 9 10 11 | 11.3
Fighting       | 4 5 6 7 8 9 10 11 | 11.8

Action                     |  1- 3 |  4- 6 |  7- 9 | 10-12 | 13-15 | 16-18 || total
---------------------------+-------+-------+-------+-------+-------+-------++-------
  Melee: Falchion          |    66 |    65 |       |       |       |       ||   131
         Punch             |     1 |       |       |       |       |       ||     1
         Long sword        |       |     5 |   162 |   360 |   858 |   221 ||  1606
   Cast: Call Canine Famil |       |       |     1 |     4 |     6 |     3 ||    14
         Inner Flame       |       |       |       |    22 |    42 |     8 ||    72
         Poisonous Vapours |       |       |       |    19 |    32 |    12 ||    63
         Sticky Flame      |       |       |       |     6 |    20 |    14 ||    40
         Fireball          |       |       |       |       |    14 |     3 ||    17
         Death Channel     |       |       |       |       |     3 |     6 ||     9
  Evoke: Wand              |       |       |       |       |     2 |       ||     2
    Use: Potion            |       |     2 |       |     1 |     1 |     1 ||     5
         Scroll            |       |     1 |     4 |     8 |     8 |     1 ||    22
   Stab: Paralysed         |       |     2 |       |       |       |       ||     2
         Sleeping          |       |     1 |     2 |     4 |     5 |     3 ||    15
         Invisible         |       |     3 |       |       |       |       ||     3
         Confused          |       |       |       |     2 |       |     1 ||     3
         Distracted        |       |       |       |     2 |    11 |     4 ||    17
         Petrified         |       |       |       |       |     4 |       ||     4
 Armour: Leather armour    |    27 |    25 |   103 |    67 |       |       ||   222
         Steam dragon scal |       |       |       |   118 |   349 |   127 ||   594
  Dodge: Dodged            |    48 |    22 |    91 |   269 |   663 |   201 ||  1294
  Block: Other             |     3 |     2 |       |       |       |       ||     5
         Buckler           |       |    27 |    90 |   291 |   629 |   201 ||  1238
         Reflection        |       |       |       |    12 |    13 |    48 ||    73

Table legend: (Time is in decaauts)
 A = Elapsed time spent in this place.
 B = Non-inter-level travel time spent in this place.
 C = Inter-level travel time spent in this place.
 D = Time resting spent in this place.
 E = Time spent auto-exploring this place.
 F = Levels seen in this place.
 G = Mean time per level.
                   A        B        C        D        E       F      G
               +--------+--------+--------+--------+--------+-----+--------+
         Total |  25470 |  24471 |    999 |   8298 |  11764 |  23 | 1107.4 |
       Dungeon |  18448 |  17738 |    710 |   7621 |   7591 |  15 | 1229.9 |
          Lair |   5582 |   5363 |    219 |    519 |   3425 |   5 | 1116.4 |
  Orcish Mines |   1158 |   1088 |     70 |     87 |    676 |   2 |  579.0 |
        Bailey |    281 |    281 |      0 |     71 |     72 |   1 |  281.0 |
               +--------+--------+--------+--------+--------+-----+--------+

Top non-repeatable levels by time:
     D:1: 7455 daAuts
  Lair:2: 1493 daAuts
  Lair:5: 1313 daAuts
    D:12: 1186 daAuts
     D:4: 1107 daAuts
    D:13: 1092 daAuts
   Orc:2: 1056 daAuts
    D:11: 1031 daAuts
  Lair:4: 1028 daAuts
  Lair:3: 1004 daAuts
    D:10: 860 daAuts
     D:2: 768 daAuts
     D:6: 756 daAuts
    D:14: 742 daAuts
  Lair:1: 741 daAuts
